 Dungeon Crawl Stone Soup version 0.30.0-5-g1a98f26d00 (webtiles) character file.

Game seed: 3651368925887682870

17870 workbot the Cleaver (level 12, -2/116 HPs)
             Began as a Minotaur Berserker on May 11, 2023.
             Was a High Priest of Trog.
             Killed from afar by an electric eel (11 damage)
             ... with a bolt of electricity
             ... on level 1 of the Lair of Beasts.
             The game lasted 00:25:52 (11089 turns).

workbot the Cleaver (Minotaur Berserker)           Turns: 11089, Time: 00:25:53

Health: -2/116     AC: 26    Str: 26    XL:     12   Next: 22%
Magic:  11/11      EV:  8    Int:  4    God:    Trog [*****.]
Gold:   678        SH:  0    Dex: 11    Spells: 11/11 levels left

rFire   + + .        I - +10 dark maul {heavy}
rCold   + . .        (shield currently unavailable)
rNeg    . . .        D - +2 plate armour
rPois   .            (helmet unavailable)
rElec   .            C - +2 cloak
rCorr   +            b - +3 pair of gauntlets of War {Slay+5}
SInv    .            y - +0 pair of boots of Ennui {rCorr}
Will    .....        (no amulet) Stlth
                     u - ring of protection from cold
HPRegen 0.39/turn    (no ring)
MPRegen 0.12/turn

%: no passive effects
@: no status effects
A: horns 3, retaliatory headbutt, fire resistance 2
a: Renounce Religion, Berserk, Trog's Hand, Brothers in Arms


You were on level 1 of the Lair of Beasts.
You worshipped Trog.
Trog was extremely pleased with you.
You visited 2 branches of the dungeon, and saw 12 of its levels.
You also visited: Bailey.

You collected 878 gold pieces.
You spent 200 gold pieces at shops.

Inventory:

Hand Weapons
 E - the +1 hand axe of Hiabbopu {vamp, rF+ rN+}
   (You bought it in a shop on level 7 of the Dungeon)

   rF:        It protects you from fire.
   rN:        It protects you from negative energy.
 I - the +10 dark maul (weapon) {heavy}
   (You took it off a two-headed ogre on level 11 of the Dungeon)
Armour
 b - the +3 pair of gauntlets of War (worn) {Slay+5}
   (You acquired it on level 1 of the Dungeon)

   Slay:      It affects your accuracy & damage with ranged weapons and melee
   (+5).
 i - a +0 kite shield
 y - the +0 pair of boots of Ennui (worn) {rCorr}
   (You found it on level 7 of the Dungeon)

   rCorr:     It protects you from acid and corrosion.
 C - a +2 cloak (worn)
 D - a +2 plate armour (worn)
Jewellery
 u - a ring of protection from cold (left hand)
Wands
 n - a wand of roots (15)
 v - a wand of flame (24)
 x - a wand of paralysis (11)
Scrolls
 c - 2 scrolls of fear
 d - a scroll of fog
 g - 2 scrolls of poison
 h - 8 scrolls of teleportation
 j - a scroll of blinking {unknown}
 k - 2 scrolls of vulnerability {unknown}
 m - 2 scrolls of magic mapping
 q - a scroll of noise {unknown}
 t - 7 scrolls of enchant weapon
 F - 3 scrolls of summoning
 G - a scroll of brand weapon
Potions
 a - 2 potions of cancellation {unknown}
 e - 2 potions of berserk rage
 f - a potion of flight {unknown}
 l - 4 potions of might
 o - 3 potions of mutation
 w - 5 potions of heal wounds
 z - 2 potions of invisibility {unknown}
 A - a potion of magic {unknown}
 B - 3 potions of haste {unknown}
 H - a potion of ambrosia {unknown}


   Skills:
 + Level 13.8 Fighting
 - Level 14.0(14.4) Axes
 * Level 6.1(10.9) Maces & Flails
 + Level 10.4 Armour
 - Level 2.1 Dodging
 - Level 9.0 Shields


You had 11 spell levels left.
You didn't know any spells.
Your spell library was empty.

Dungeon Overview and Level Annotations

Branches:
Dungeon (11/15)            Temple (0/1) D:4            Lair (1/5) D:11
    Orc (0/2) D:9          Bailey (visited)

Altars:
Ashenzari
Cheibriados
Elyvilon
Fedhas
Hepliaklqana
Kikubaaqudgha
Makhleb
Nemelex Xobeh
Okawaru
Qazlal
Ru
Uskayaw
Vehumet
Yredelemnul
Zin
The Shining One

Shops:
D:2 (   D:7 (


Innate Abilities, Weirdness & Mutations

You have a pair of large horns on your head.
You reflexively headbutt those who attack you in melee.
Your flesh is very heat resistant. (rF++)


Message History

The cane toad stings you!
* * * LOW HITPOINT WARNING * * *
The cane toad stings you but does no damage.
The yak gores you but does no damage. x2; The yak barely misses you. x2
The cane toad stings you!
* * * LOW HITPOINT WARNING * * *
You are lethally poisoned!
The cane toad poisons you! The yak gores you but does no damage.
You feel better. The cane toad barely misses you. The yak misses you.
The yak closely misses you. The yak gores you but does no damage.
The cane toad misses you.
You bludgeon the yak!!
The yak is almost dead.
Your surroundings seem slightly different.
An electric eel comes into view.
The electric eel moves out of view.
As you read the scroll of fear, it crumbles to dust.
You assume a fearsome visage.
The komodo dragon looks frightened!
The yak looks frightened! x2; The cane toad looks frightened!
The yak looks frightened!
An electric eel comes into view.
Found a leather armour.
The electric eel shoots out a bolt of lightning at you!
The bolt of electricity hits you but does no damage.
The electric eel shoots out a bolt of lightning at you!
The bolt of electricity hits you.
* * * LOW HITPOINT WARNING * * *
An electric eel comes into view.
The electric eel shoots out a bolt of lightning at you!
The bolt of electricity hits you!
* * * LOW HITPOINT WARNING * * *
The electric eel shoots out a bolt of lightning at you!
The bolt of electricity hits you.
* * * LOW HITPOINT WARNING * * *
You hear an angry hiss.
The electric eel shoots out a bolt of lightning at you!
The bolt of electricity hits you but does no damage.
The electric eel shoots out a bolt of lightning at you!
The bolt of electricity hits you!
You die...

...~≈S[≈≈......... .
.....≈≈S..........#### ..
......S.^..........#.####..
..........................#
....................††.....
.............##.....<......
.....!......# #...###†.###.
............# #...# #...#
..........@.# #...# #..#...
............###...# #..##..
............##....###..# ..
.......................##.~
......†.....##....#.......~
......†.....#.#...##......~
...[.Y†####........>......~
....lY#≈≈≈#...............~
......#≈≈≈#[...........##.~


You could see a komodo dragon (fleeing), 2 yaks and 2 electric eels.

Vanquished Creatures
  A two-headed ogre (D:11)
  Pikel (D:6)
  A wizard (D:9)
  3 orc knights
  3 oklob plants (D:11)
  5 elephants (Lair:1)
  A cyclops (D:11)
  Joseph (D:7)
  A kobold demonologist (D:11)
  A yaktaur (D:8)
  2 trolls
  Grinder (D:4)
  A vampire (D:10)
  14 yaks
  A steam dragon (D:10)
  2 wyverns
  An acid dragon (D:10)
  The ghost of browni3141 the Trooper, an amateur OgDe (D:5)
  4 water moccasins
  Duvessa (D:4)
  3 ice beasts
  17 orc warriors
  4 sky beasts
  6 centaurs
  2 ogres (D:5)
  A lemure (D:6)
  2 kobold brigands
  2 phantoms (D:5)
  6 bullfrogs
  A gnoll sergeant (D:11)
  A scorpion (D:6)
  11 wights
  Dowan (D:4)
  11 killer bees
  5 spriggan skeletons (D:9)
  A troll skeleton (D:9)
  6 howler monkeys
  2 hounds (D:5)
  2 gnoll boudas
  5 orc priests
  3 sleepcaps
  4 iguanas
  9 orc wizards
  9 adders
  25 gnolls
  2 white imps
  3 ufetubi
  2 worms (D:2)
  3 dart slugs
  55 orcs
  3 bats
  8 endoplasms
  9 giant cockroaches
  4 goblins
  7 hobgoblins
  2 jackals (D:5)
  20 kobolds
  9 quokkas
  4 ball pythons
  A frilled lizard (D:3)
  7 rats
324 creatures vanquished.

Vanquished Creatures (collateral kills)
  A two-headed ogre (D:11)
1 creature vanquished.

Grand Total: 325 creatures vanquished

Notes
Turn   | Place    | Note
-------+----------+-------------------------------------------
     0 | D:1      | workbot the Minotaur Berserker began the quest for the Orb.
     0 | D:1      | Reached XP level 1. HP: 19/19 MP: 0/0
    83 | D:1      | Found a faded altar of an unknown god.
   116 | D:1      | Reached skill level 4 in Axes
   160 | D:1      | Reached XP level 2. HP: 23/26 MP: 1/1
   202 | D:1      | Identified a scroll of acquirement
   204 | D:1      | Acquired the +3 pair of gauntlets of War {Slay+5}
   204 | D:1      | Found the +3 pair of gauntlets of War {Slay+5}
   798 | D:2      | Found a radiant altar of Vehumet.
   940 | D:2      | Reached skill level 5 in Axes
   940 | D:2      | Reached XP level 3. HP: 29/31 MP: 2/2
  1325 | D:2      | Found Wotzinuk's Weapon Boutique.
  1828 | D:3      | Reached ** piety under Trog
  2491 | D:4      | Noticed Grinder
  2506 | D:4      | Killed Grinder
  2507 | D:4      | Reached skill level 8 in Axes
  2507 | D:4      | Reached XP level 4. HP: 24/39 MP: 3/3
  2507 | D:4      | Reached XP level 5. HP: 28/45 MP: 4/4
  2649 | D:4      | Noticed Duvessa
  2649 | D:4      | Noticed Dowan
  2692 | D:4      | Killed Duvessa
  2693 | D:4      | Reached XP level 6. HP: 35/51 MP: 5/5
  2698 | D:4      | Killed Dowan
  2699 | D:4      | Reached skill level 9 in Axes
  2796 | D:4      | Found a blossoming altar of Fedhas.
  2890 | D:4      | Found a staircase to the Ecumenical Temple.
  3084 | D:4      | Reached XP level 7. HP: 53/57 MP: 6/6
  3441 | D:5      | Entered Level 5 of the Dungeon
  3468 | D:5      | Reached skill level 10 in Axes
  3527 | D:5      | Reached skill level 11 in Axes
  3537 | D:5      | Found a stormy altar of Qazlal.
  3629 | D:5      | Reached *** piety under Trog
  3666 | D:5      | Reached XP level 8. HP: 42/64 MP: 7/7
  4010 | D:5      | Found a sparkling altar of Nemelex Xobeh.
  4039 | D:5      | Reached skill level 12 in Axes
  4094 | D:5      | Found a runed translucent gate.
  4094 | D:5      | Found a runed translucent gate.
  4094 | D:5      | Found a runed translucent gate.
  4095 | D:5      | Noticed browni3141's ghost (amateur OgDe)
  4183 | D:5      | Killed browni3141's ghost
  4335 | D:5      | Reached skill level 13 in Axes
  4877 | D:6      | Reached skill level 14 in Axes
  4905 | D:6      | Found a glowing silver altar of Zin.
  4960 | D:6      | Noticed Pikel
  4972 | D:6      | Killed Pikel
  4973 | D:6      | Reached skill level 5 in Fighting
  4973 | D:6      | Reached XP level 9. HP: 37/74 MP: 8/8
  5199 | D:6      | Found a burning altar of Makhleb.
  5262 | D:6      | Reached **** piety under Trog
  5912 | D:7      | Found an ancient bone altar of Kikubaaqudgha.
  5974 | D:7      | Noticed Joseph
  6025 | D:7      | Killed Joseph
  6026 | D:7      | Reached skill level 5 in Armour
  6254 | D:7      | Found a white marble altar of Elyvilon.
  6268 | D:7      | Identified the +0 pair of boots of Ennui {rCorr}
  6285 | D:7      | Found Jit Leso's Antique Weapon Shop.
  6308 | D:7      | Bought an iridescent hand axe for 200 gold pieces
  6308 | D:7      | Identified the +1 hand axe of Hiabbopu {vamp, rF+ rN+} (You
                  | bought it in a shop on level 7 of the Dungeon)
  6390 | D:7      | Found a broken altar of Ashenzari.
  6407 | D:7      | Found a snail-covered altar of Cheibriados.
  6481 | D:7      | Reached XP level 10. HP: 88/88 MP: 9/9
  6727 | D:8      | Gained mutation: You are frail. (-10% HP) [potion of
                  | mutation]
  6727 | D:8      | Gained mutation: You are clumsy. (Dex -2) [potion of
                  | mutation]
  6728 | D:8      | Lost mutation: You are frail. (-10% HP) [potion of
                  | mutation]
  6728 | D:8      | Lost mutation: You are clumsy. (Dex -2) [potion of
                  | mutation]
  6728 | D:8      | Gained mutation: You have a pair of large horns on your
                  | head. [potion of mutation]
  6728 | D:8      | Gained mutation: Your flesh is heat resistant. (rF+)
                  | [potion of mutation]
  6728 | D:8      | Gained mutation: Your flesh is very heat resistant. (rF++)
                  | [potion of mutation]
  6840 | D:8      | Reached skill level 5 in Shields
  6859 | D:8      | Found a flagged portal.
  6875 | Bailey   | Entered a bailey
  7077 | Bailey   | Noticed an orc knight
  7078 | Bailey   | Noticed an orc knight
  7174 | Bailey   | Killed an orc knight
  7267 | Bailey   | Killed an orc knight
  7355 | Bailey   | Reached skill level 10 in Fighting
  7518 | D:8      | Reached ***** piety under Trog
  7860 | D:8      | Received a gift from Trog
  8243 | D:10     | Entered Level 10 of the Dungeon
  8288 | D:10     | Reached XP level 11. HP: 102/102 MP: 10/10
  8545 | D:9      | Noticed a wizard
  8550 | D:9      | Killed a wizard
  8880 | D:9      | Found a staircase to the Orcish Mines.
  9421 | D:10     | Found an iron altar of Okawaru.
  9421 | D:10     | Found a hazy altar of Hepliaklqana.
  9427 | D:10     | Found a hide-covered altar of Uskayaw.
  9430 | D:10     | Found a sacrificial altar of Ru.
  9432 | D:10     | Found a basalt altar of Yredelemnul.
  9437 | D:10     | Found a glowing golden altar of the Shining One.
  9973 | D:11     | Noticed a two-headed ogre
  9978 | D:11     | Killed a two-headed ogre
 10263 | D:11     | Noticed a two-headed ogre
 10264 | D:11     | Noticed an orc knight
 10273 | D:11     | Killed a two-headed ogre
 10277 | D:11     | Killed an orc knight
 10319 | D:11     | Reached skill level 1 in Maces & Flails
 10455 | D:11     | Noticed an oklob plant
 10463 | D:11     | Found a staircase to the Lair.
 10463 | D:11     | Noticed an oklob plant
 10464 | D:11     | Noticed an oklob plant
 10467 | D:11     | Killed an oklob plant
 10470 | D:11     | Killed an oklob plant
 10473 | D:11     | Killed an oklob plant
 10947 | Lair:1   | Entered Level 1 of the Lair of Beasts
 10964 | Lair:1   | Reached skill level 10 in Armour
 10964 | Lair:1   | Reached XP level 12. HP: 105/115 MP: 11/11
 10967 | Lair:1   | Reached skill level 5 in Maces & Flails
 11089 | Lair:1   | Killed from afar by an electric eel

Illustrated notes

Levels and vault maps discovered:
D:1:      saegor_arrival_simple_a, layout_loops_ring,
          nicolae_ecumenical_lake_church
D:2:      layout_loops_ring, serial_co_window_serial, co_window_paths_a,
          co_window_corner_a, co_window_cross_1, co_window_paths_b,
          co_window_paths_b, co_window_broadway_b, co_window_2corner,
          co_window_paths_c, co_window_4corner_b, glass_columns_c, basic_altar,
          serial_shops, nicolae_shop_waterfront
D:3:      layout_basic, grunt_decor_fettered
D:4:      minmay_chambers_of_fours, layout_loops_ring, amcnicky_altar_gilded,
          minmay_temple_entry_mini_moons, uniq_grinder, uniq_duvessa
D:5:      layout_loops_ring, mainiacjoe_overflow_catch_the_wave,
          gup_sewer_entry_pipe, gammafunk_ghost_nasty_kobolds
D:6:      layout_basic, zin_academy, general_overflow_altar, hex_intersection,
          uniq_pikel
D:7:      layout_basic, nicolae_overflow_crystal_walls,
          mainiacjoe_overflow_chevrons, nicolae_ashenzari_skybound,
          mainiacjoe_overflow_alcove_1, serial_shops,
          nicolae_shop_window_shopping, grunt_decor_arrowhead,
          reono_crystal_passage, uniq_joseph
D:8:      layout_basic, enter_bailey_4, minmay_sticks_and_stones
D:9:      layout_loops_corners, minmay_orc_entry_temple_small, minivault_22,
          hangedman_tell_no_tales
D:10:     layout_roguey, nicolae_overflow_hallway_of_the_gods
D:11:     layout_stronghold, dpeg_oklobed_lair,
          hellmonk_guarded_unrand_dark_maul
Lair:1:   layout_gridlike, disabler_island, grunt_megastairs_4

Skill      XL: |  1  2  3  4  5  6  7  8  9 10 11 12 |
---------------+-------------------------------------+-----
Axes           | 4 5 8 9 11 14 | 14.0
Fighting       | 5 8 11 13 | 13.8
Armour         | 3 5 7 10 | 10.4
Shields        | 2 4 7 9 |  9.0
Maces & Flails | 4 6 |  6.1
Dodging        | |  2.1

Action                     |  1- 3 |  4- 6 |  7- 9 | 10-12 || total
---------------------------+-------+-------+-------+-------++-------
  Melee: Hand axe          |    71 |    64 |   328 |   332 ||   795
         Headbutt          |     7 |     9 |    63 |    80 ||   159
         Punch             |     1 |       |       |       ||     1
         Maul              |       |       |       |    32 ||    32
 Invoke: Berserk           |       |     1 |     7 |    12 ||    20
         Brothers in Arms  |       |       |       |     1 ||     1
  Evoke: Wand              |       |       |       |     1 ||     1
    Use: Scroll            |     4 |       |    10 |    14 ||    28
         Potion            |       |       |     2 |     5 ||     7
 Armour: Animal skin       |     3 |       |       |       ||     3
         Leather armour    |    22 |       |       |       ||    22
         Scale mail        |       |    29 |    89 |    21 ||   139
         Plate armour      |       |       |       |   172 ||   172
  Dodge: Dodged            |    20 |    18 |    87 |   146 ||   271
  Block: Kite shield       |     9 |    15 |    75 |   145 ||   244
